 Dungeon Crawl Stone Soup version 0.29.1-12-g30fa7ad0bf (webtiles) character file.

Game seed: 18202607951419808926

6286 RapScallion the Basher (level 10, -14/91 HPs)
             Began as a Hill Orc Fighter on Jan 19, 2023.
             Was a Priest of Okawaru.
             Demolished by a two-headed ogre
             ... wielding a +0 dire flail
              (16 damage)
             ... on level 9 of the Dungeon.
             The game lasted 00:44:47 (12224 turns).

RapScallion the Basher (Hill Orc Fighter)          Turns: 12224, Time: 00:44:47

Health: -14/91     AC: 19    Str: 21 (24) XL:     10   Next: 94%
Magic:  8/10       EV:  8    Int: 11 (14) God:    Okawaru [***...]
Gold:   440        SH:  6    Dex:  7 (10) Spells: 9/9 levels left

rFire   + . .      SeeInvis .   k - +7 hammer of Moral Flaws {drain, Stlth+}
rCold   . . .      Faith    .   c - +0 buckler
rNeg    . . .      Spirit   .   j - +0 plate armour
rPois   .          Reflect  .   (no helmet)
rElec   .          Harm     .   (no cloak)
rCorr   .          Rampage  .   (no gloves)
Will    .....                   n - +1 pair of boots
Stlth   ..........              d - amulet of the acrobat
HPRegen 0.25/turn               h - +6 ring of intelligence
MPRegen 0.12/turn               w - ring of protection from fire

@: heroic, studying 2 skills
A: no striking features
a: Renounce Religion, Heroism


You were on level 9 of the Dungeon.
You worshipped Okawaru.
Okawaru was most pleased with you.
You visited 2 branches of the dungeon, and saw 10 of its levels.

You collected 440 gold pieces.

Inventory:

Hand Weapons
 a - a +0 hand axe of freezing
 k - the +7 hammer of Moral Flaws (weapon) {drain, Stlth+}
   (You found it on level 3 of the Dungeon)

   A truly terrible weapon, it drains the life of any living foe it strikes.
   Stlth:     It makes you more stealthy.
 v - a +5 hand axe
 y - a +0 whip of electrocution
 E - a +0 flail of holy wrath
 J - a +3 trident of freezing
 K - a +0 spectral battleaxe
Armour
 c - a +0 buckler (worn)
 j - a +0 plate armour (worn)
 n - a +1 pair of boots (worn)
Jewellery
 d - an amulet of the acrobat (around neck)
 h - a +6 ring of intelligence (left hand)
 w - a ring of protection from fire (right hand)
Wands
 b - a wand of mindburst (12)
 s - a wand of iceblast (27)
 t - a wand of flame (19)
 B - a wand of quicksilver (12)
 L - a wand of digging (7)
Scrolls
 g - 5 scrolls of teleportation
 p - 2 scrolls of amnesia
 u - a scroll of magic mapping
 x - a scroll of identify
 A - a scroll of immolation
 I - a scroll of fear
Potions
 e - a potion of brilliance
 f - 4 potions of curing
 i - 2 potions of cancellation
 l - a potion of mutation
 o - a potion of haste
 q - 5 potions of lignification
 z - a potion of flight {unknown}
 F - 2 potions of might
 G - 2 potions of attraction


   Skills:
 + Level 9.0(14.0) Fighting
 + Level 8.0(16.3) Axes
 + Level 10.2(16.0) Maces & Flails
 + Level 2.9(10.1) Polearms
 + Level 9.1(14.1) Armour
 - Level 0.7(5.7) Dodging
 - Level 1.6(6.6) Stealth
 + Level 6.5(11.5) Shields


You had 9 spell levels left.
You didn't know any spells.
Your spell library contained the following spells:

 Spells                   Type           Power      Damage    Failure   Level
 Ensorcelled Hibernation  Hex/Ice        0%         N/A       100%        2
 Passwall                 Tmut/Erth      0%         N/A       100%        2
 Swiftness                Air            0%         N/A       100%        3
 Orb of Destruction       Conj           0%         9d5       100%        7
 Summon Guardian Golem    Hex/Summ       Unusable   N/A       N/A         3
 Spellforged Servitor     Conj/Summ      Unusable   N/A       N/A         7

Dungeon Overview and Level Annotations

Branches:
Dungeon (9/15)             Temple (1/1) D:6            Lair (0/5) D:8
    Orc (0/2) D:9

Altars:
Ashenzari
Cheibriados
Dithmenos
Elyvilon
Fedhas
Gozag
Hepliaklqana
Kikubaaqudgha
Makhleb
Nemelex Xobeh
Okawaru
Qazlal
Ru
Sif Muna
Trog
Uskayaw
Vehumet
Wu Jian
Xom
Yredelemnul
Zin
The Shining One

Shops:
D:7 :   D:9 *:

Annotations:
D:2 Robin
D:4 Pikel


Message History

The two-headed ogre is moderately wounded.
The killer bee stings you but does no damage.
The two-headed ogre hits you with a +0 dire flail.
The two-headed ogre hits you with a +0 dire flail!
* * * LOW HITPOINT WARNING * * *
The howler monkey hoots and howls with incredible vigour!
The killer bee stings you but does no damage.
You hear an angry hiss.
You completely miss the two-headed ogre.
The two-headed ogre is moderately wounded.
The howler monkey seems to regain its courage.
The killer bee stings you but does no damage.
You sock the two-headed ogre!
The two-headed ogre is moderately wounded.
You block the killer bee's attack. The two-headed ogre closely misses you.
The two-headed ogre hits you with a +0 dire flail.
* * * LOW HITPOINT WARNING * * *
You barely miss the two-headed ogre.
The two-headed ogre is moderately wounded.
The howler monkey seems to regain its courage.
The killer bee stings you but does no damage.
The howler monkey barely misses you. The killer bee closely misses you.
You barely miss the two-headed ogre.
The two-headed ogre is moderately wounded.
The killer bee closely misses you. You block the howler monkey's attack.
The two-headed ogre hits you but does no damage.
The two-headed ogre hits you with a +0 dire flail!!
* * * LOW HITPOINT WARNING * * *
Unknown command.
You sock the two-headed ogre!
The two-headed ogre is heavily wounded.
The killer bee stings you but does no damage. x2
The howler monkey hoots and howls with incredible vigour!
You hear an angry hiss.
You hear an angry buzzing noise.
You sock the two-headed ogre! You drain the two-headed ogre.
The two-headed ogre is almost dead.
The killer bee stings you but does no damage.
You block the two-headed ogre's attack.
The two-headed ogre hits you with a +0 dire flail!
You die...

..' ♣♣##### ..# ♣h....#
..# ♣h.$..# ..# #.....#
..# . #..h..# ..# . ~~.
#.....#####y##....
~~~..#.......hh@O......
~~...........###.......
~~...........# .......
P~...........# .......
~..g.........# .......
~..########### ....!..
~. ....... . #######


You could see a two-headed ogre (drained), 2 howler monkeys and a killer bee.

Vanquished Creatures
  A two-headed ogre (D:7)
  2 hornets (D:7)
  A shadow (D:9)
  3 steam dragons
  3 wargs
  A water moccasin (D:8)
  5 ice beasts
  8 orc warriors
  A sky beast (D:8)
  2 ogres
  A phantom (D:6)
  2 lemures (D:3)
  2 centaurs
  A kobold brigand (D:6)
  2 bullfrogs
  4 gnoll sergeants
  5 scorpions
  8 wights
  7 killer bees
  A howler monkey (D:6)
  8 orc priests
  3 jellies
  Crazy Yiuf (D:3)
  An iguana (D:6)
  A gnoll bouda (D:6)
  7 orc wizards
  18 gnolls
  6 adders
  A shadow imp (D:7)
  2 ufetubi
  2 worms
  2 dart slugs
  23 orcs
  3 endoplasms
  2 giant cockroaches
  16 goblins
  10 hobgoblins
  3 jackals (D:3)
  4 quokkas
  3 ball pythons
  4 bats
  4 frilled lizards (D:1)
  10 kobolds
  8 rats
202 creatures vanquished.

Vanquished Creatures (others)
  Erica (D:8)
  An orc wizard (D:8)
  An orc (D:8)
  43 plants
46 creatures vanquished.

Grand Total: 248 creatures vanquished

Notes
Turn   | Place    | Note
-------+----------+-------------------------------------------
     0 | D:1      | RapScallion the Hill Orc Fighter began the quest for the
                  | Orb.
     0 | D:1      | Reached XP level 1. HP: 19/19 MP: 1/1
   423 | D:1      | Reached XP level 2. HP: 23/27 MP: 2/2
   825 | D:2      | Reached XP level 3. HP: 33/33 MP: 3/3
  1343 | D:2      | Noticed Robin
  2175 | D:3      | Reached XP level 4. HP: 21/41 MP: 4/4
  2391 | D:3      | Found a runed translucent door.
  2392 | D:3      | Noticed Crazy Yiuf
  2498 | D:3      | Found a broken altar of Ashenzari.
  2822 | D:3      | Reached XP level 5. HP: 47/47 MP: 5/5
  2823 | D:3      | Reached skill level 5 in Axes
  3146 | D:4      | Reached XP level 6. HP: 50/53 MP: 6/6
  3453 | D:4      | Found a stormy altar of Qazlal.
  3921 | D:4      | Noticed Pikel
  3989 | D:3      | Killed Crazy Yiuf
  4022 | D:3      | Identified the +7 hammer of Moral Flaws {drain, Stlth+}
  4233 | D:4      | Found a sparkling altar of Nemelex Xobeh.
  4710 | D:5      | Entered Level 5 of the Dungeon
  4904 | D:5      | Noticed an ice beast
  4911 | D:5      | Killed an ice beast
  4912 | D:5      | Reached skill level 5 in Fighting
  4912 | D:5      | Reached XP level 7. HP: 61/61 MP: 7/7
  5156 | D:5      | Reached skill level 5 in Armour
  5160 | D:5      | Reached skill level 1 in Maces & Flails
  5436 | D:6      | Reached skill level 2 in Maces & Flails
  5487 | D:6      | Found a staircase to the Ecumenical Temple.
  5488 | D:6      | Noticed a steam dragon
  5676 | D:7      | Noticed a steam dragon
  5687 | D:7      | Killed a steam dragon
  5688 | D:7      | Reached skill level 3 in Maces & Flails
  5688 | D:7      | Reached skill level 1 in Stealth
  5688 | D:7      | Reached XP level 8. HP: 55/69 MP: 8/8
  5838 | D:7      | Noticed a hornet
  5853 | D:7      | Killed a hornet
  5854 | D:7      | Reached skill level 4 in Maces & Flails
  6288 | D:7      | Found Axuud's Self-Improvement Boutique.
  6566 | D:7      | Found a sacrificial altar of Ru.
  6648 | D:6      | Reached skill level 5 in Maces & Flails
  6668 | D:7      | Reached XP level 9. HP: 34/78 MP: 9/9
  6869 | D:6      | Reached skill level 6 in Maces & Flails
  7160 | D:6      | Reached skill level 5 in Shields
  7304 | Temple   | Entered the Ecumenical Temple
  7402 | Temple   | Became a worshipper of Warmaster Okawaru
  7720 | D:6      | Found a bloodstained altar of Trog.
  8270 | D:7      | Reached skill level 7 in Maces & Flails
  8605 | D:8      | Noticed Erica
  8679 | D:8      | Reached * piety under Okawaru
  8859 | D:8      | Noticed a hornet
  8879 | D:7      | Killed a hornet
  8880 | D:7      | Reached skill level 8 in Maces & Flails
  9383 | D:7      | Reached XP level 10. HP: 70/86 MP: 10/10
  9617 | D:8      | Killed Erica
  9617 | D:8      | Noticed a two-headed ogre
  9636 | D:7      | Killed a two-headed ogre
  9636 | D:7      | Reached ** piety under Okawaru
  9637 | D:7      | Reached skill level 9 in Maces & Flails
 10182 | D:8      | Reached *** piety under Okawaru
 10344 | D:8      | Found a staircase to the Lair.
 10935 | D:8      | Reached skill level 10 in Maces & Flails
 11264 | D:9      | Found Muhez's Assorted Antiques.
 11289 | D:9      | Identified a scroll of acquirement
 11289 | D:9      | Acquired a manual of Shields
 11614 | D:9      | Found Qoytyatal's Book Boutique.
 11641 | D:9      | Reached skill level 1 in Polearms
 12174 | D:9      | Found a staircase to the Orcish Mines.
 12208 | D:9      | Noticed a two-headed ogre
 12222 | D:9      | HP: 2/91 [two-headed ogre/+0 dire flail (18)]
 12224 | D:9      | Demolished by a two-headed ogre

Illustrated notes

Levels and vault maps discovered:
D:1:      lemuel_arrival_broad_hall, layout_rooms, minmay_quantized
D:2:      layout_loops_cross, kennysheep_donut, minmay_tetromino_l2, uniq_robin
D:3:      layout_rooms, mainiacjoe_overflow_concentric_impassable,
          chequers_serial_rivers_small_b, kennysheep_generic_room_10,
          uniq_crazy_yiuf_cottage
D:4:      layout_basic, nemelex_xobeh_ov_fountains_minmay,
          nicolae_qazlal_general_emergency, corexii_item_surrounded_by_moat,
          grunt_decor_resistance, uniq_pikel
D:5:      layout_loops_ring
D:6:      layout_rooms, trog_three_pillars_becter, minmay_temple_entry_tees
D:7:      layout_basic, hangedman_ru_absence, kennysheep_cluttered_room,
          nicolae_shop_self_help
D:8:      layout_rooms, erik_lair_orcish_takeover, minmay_manual_mess,
          uniq_erica
D:9:      layout_irregular_city, david_orc_1_choice, serial_bayou,
          serial_bayou_pond_b, serial_bayou_ford_a, serial_bayou_pond_a,
          serial_bayou_pond_c, serial_shops, shop, nicolae_stop_n_shop_2,
          corexii_corridor_pit
Temple:   minmay_temple_bridge_d

Skill      XL: |  1  2  3  4  5  6  7  8  9 10 |
---------------+-------------------------------+-----
Axes           | 3 4 6 7 8 |  8.0
Fighting       | 4 5 6 7 9 |  9.0
Armour         | 4 5 6 7 9 |  9.1
Shields        | 4 5 6 |  6.5
Maces & Flails | 3 5 8 10 | 10.2
Stealth        | 1 |  1.6
Polearms       | 2 |  2.9
Dodging        | |  0.7

Action                   |  1- 3 |  4- 6 |  7- 9 | 10-12 || total
-------------------------+-------+-------+-------+-------++-------
Melee: War axe           |   105 |   132 |       |       ||   237
       Mace              |       |     9 |   229 |   126 ||   364
       Trident           |       |       |       |    83 ||    83
Invok: Heroism           |       |       |       |     2 ||     2
  Use: Scroll            |     6 |     3 |     5 |    11 ||    25
       Potion            |     1 |     1 |     1 |     4 ||     7
Armor: Scale mail        |    28 |       |       |       ||    28
       Plate armour      |    44 |    90 |   127 |   132 ||   393
Dodge: Dodged            |    44 |    43 |    86 |   110 ||   283
Block: Buckler           |    26 |    20 |    49 |    62 ||   157
